 Dungeon Crawl Stone Soup version 0.26-a0-849-gf1512cd430 (webtiles) character file.

Game seed: 3706840884577441082

6 Conn the Magician (level 1, -1/11 HPs)
             Began as an Octopode Hedge Wizard on Nov 20, 2020.
             Slain by a leopard gecko (2 damage)
             ... on level 1 of the Dungeon.
             The game lasted 00:00:51 (142 turns).

Conn the Magician (Octopode Hedge Wizard)            Turns: 142, Time: 00:00:51

Health: -1/11      AC:  1    Str:  9    XL:     1   Next: 90%
Magic:  0/4        EV: 13    Int: 16    God:
Gold:   17         SH:  0    Dex: 11    Spells: 5/6 levels left

rFire    . . .     SeeInvis .   a - +0 dagger
rCold    . . .     Faith    .   (no shield)
rNeg     . . .     Spirit   .   b - +0 hat
rPois    .         Reflect  .   (no amulet)
rElec    .         Harm     .   (no ring)
rCorr    .         Rampage  .   (no ring)
MR       .....                  (no ring)
Stlth    +++.......             (no ring)
HPRegen  0.03/turn              (no ring)
MPRegen  0.09/turn              (no ring)
                                (no ring)
                                (no ring)

@: attractive
A: almost no armour, stealthy swim, amphibious, 8 rings, constrict 8, camouflage
1, gelatinous body 1
a: no special abilities


You were on level 1 of the Dungeon.
You visited 1 branch of the dungeon, and saw 1 of its levels.

You collected 17 gold pieces.

Inventory:

Hand Weapons
 a - a +0 dagger (weapon)
Missiles
 c - 11 poisoned darts (quivered)
Armour
 b - a +0 hat (worn)
Potions
 d - a potion of attraction


   Skills:
 + Level 2.1 Dodging
 + Level 2.8 Stealth
 + Level 3.2 Spellcasting
 + Level 1.0 Conjurations
 + Level 1.0 Summonings
 + Level 1.0 Translocations


You had 5 spell levels left.
You knew the following spells:

 Your Spells              Type           Power        Failure   Level
a - Magic Dart            Conj           #...         12%         1

Your spell library contained the following spells:

 Spells                   Type           Power        Failure   Level
 Blink                    Tloc           N/A          19%         2
 Call Imp                 Summ           #.......     19%         2
 Slow                     Hex            #.......     28%         2
 Conjure Flame            Conj/Fire      #.......     41%         3
 Mephitic Cloud           Conj/Pois/Air  #.......     43%         3


Dungeon Overview and Level Annotations

Branches:
Dungeon (1/15)

Altars:


Innate Abilities, Weirdness & Mutations

You cannot wear most types of armour.
You are very stealthy in the water. (Stealth+)
You are amphibious.
You can wear up to eight rings at the same time.
You can use your tentacles to constrict eight enemies at once.
Your skin changes colour to match your surroundings (Stealth+).
Your rubbery body absorbs attacks. (AC +1, EV +1)


Message History

The leopard gecko closely misses you.
You closely miss the leopard gecko. Your grab misses the leopard gecko.
The leopard gecko is moderately wounded.
The leopard gecko bites you.
You hit the leopard gecko. Your grab misses the leopard gecko.
The leopard gecko is almost dead.
The leopard gecko bites you. The leopard gecko misses you.
You miss the leopard gecko. Your grab misses the leopard gecko.
The leopard gecko is severely wounded.
The leopard gecko bites you.
* * * LOW HITPOINT WARNING * * *
It was a potion of attraction.
You feel attractive to monsters. The leopard gecko barely misses you.
Your magical contamination has completely faded away.
You aren't carrying any scrolls.
You closely miss the leopard gecko. You grab the leopard gecko.
The leopard gecko is severely wounded.
You constrict the leopard gecko. The leopard gecko bites you.
You die...

####.....##.# .....
#........##†#......
#.......###(##.....
#.......# #.##...
#.......# #.#
..##+##### #.......#
#.###.#.......
#########
#.#........... #
#.#........... #
########.#...@.......
#
##.....##.#...#l......
#
#...<...#.....+.>.....
#
##.(...########.......
# ###'### .......
####((..(### .$.....
##.(.(...((# ......?
'...(.8((...+ #######
##...(((...##


You could see a leopard gecko.

Vanquished Creatures
  A giant cockroach (D:1)
  A goblin (D:1)
  A kobold (D:1)
  2 frilled lizards (D:1)
  A rat (D:1)
6 creatures vanquished.

Notes
Turn   | Place    | Note
-------+----------+-------------------------------------------
     0 | D:1      | Conn the Octopode Hedge Wizard began the quest for the Orb.
     0 | D:1      | Reached XP level 1. HP: 11/11 MP: 4/4
   142 | D:1      | Slain by a leopard gecko

Illustrated notes

Levels and vault maps discovered:
D:1:      minmay_arrival_shattered_statue, layout_basic, minmay_unequal

Action                   || total
-------------------------++-------
Melee: Dagger            ||     9
       Constrict         ||     3
       Tentacles         ||     1
 Cast: Magic Dart        ||    10
  Use: Potion            ||     1
 Stab: Sleeping          ||     1
Dodge: Dodged            ||     7

Table legend: (Time is in decaauts)
 A = Elapsed time spent in this place.
 B = Non-inter-level travel time spent in this place.
 C = Inter-level travel time spent in this place.
 D = Time resting spent in this place.
 E = Time spent auto-exploring this place.
 F = Levels seen in this place.
 G = Mean time per level.
                   A        B        C        D        E       F      G
               +--------+--------+--------+--------+--------+-----+--------+
         Total |    142 |    142 |      0 |      0 |     48 |   1 |  142.0 |
       Dungeon |    142 |    142 |      0 |      0 |     48 |   1 |  142.0 |
               +--------+--------+--------+--------+--------+-----+--------+

Top non-repeatable levels by time:
     D:1: 142 daAuts
